Icehogs vs Little Stars
Created - 15 mai 2013 at 23:13
Goals
|
| Icehogs |
0 |
1 |
2 |
0 |
1 |
3 |
| Little Stars |
0 |
1 |
2 |
0 |
2 |
4 |
|
Shots
|
| Icehogs |
9 |
5 |
8 |
3 |
4 |
25 |
| Little Stars |
8 |
10 |
16 |
1 |
4 |
35 |
|
1st period
No Goal
Penalties :
Cody Bass (Tex) for Holding (Minor) at 2:00, Milan Jurcina (Roc) for Tripping (Minor) at 2:35, Gilbert Brule (Roc) for High sticking (Minor) at 8:42, Matt Pelech (Tex) for Slashing (Minor) at 16:59
2nd period
1. Icehogs , Darren Helm 26 (Jason King) at 9:48
2. Little Stars , Cody Bass 13 (Matt Halischuk, Tyler Eckford) at 16:50
Penalties :
Paul Postma (Tex) for High sticking (Minor) at 1:55, Gilbert Brule (Roc) for Tripping (Minor) at 10:01, Andrew Murray (Roc) for Tripping (Minor) at 17:40, Cody Bass (Tex) for Hooking (Minor) at 19:56, Milan Jurcina (Roc) for Hooking (Minor) at 19:56
3rd period
3. Icehogs , Stanislav Chistov 35 (Gilbert Brule) at 8:30
4. Little Stars , Patrick O'Sullivan 31 (Greg Stewart) at 11:36
5. Little Stars , Patrick O'Sullivan 32 (Greg Stewart, Boris Valabik) at 17:15
6. Icehogs , Richard Park 19 (Niklas Hagman, Gilbert Brule) at 18:54 (PP)
Penalties :
Krys Kolanos (Tex) for Hooking (Minor) at 8:35, Matt Pelech (Tex) for Roughing (Minor) at 18:38
Overtime #1
No Goal
Penalties :
No Penalty
Shootout
Penalty Shot by Niklas Hagman for Icehogs - Goal!
Penalty Shot by Patrick O'Sullivan for Little Stars - Shot Misses the Net
Penalty Shot by Richard Park for Icehogs - Stopped by Philippe Sauvé
Penalty Shot by Steve Regier for Little Stars - Goal!
Penalty Shot by Ville Nieminen for Icehogs - Stopped by Philippe Sauvé
Penalty Shot by Krys Kolanos for Little Stars - Shot Misses the Net
Penalty Shot by Nikolai Kulemin for Icehogs - Stopped by Philippe Sauvé
Penalty Shot by Cody Bass for Little Stars - Goal!
Penalties :
No Penalty
Goalie Stats
José Theodore (Roc), 32 saves from 35 shots - (0,914), OTL, 36-25-5, 65:00 minutes
Philippe Sauvé (Tex), 22 saves from 25 shots - (0,880), W, 24-15-5, 65:00 minutes
Players Stats for Icehogs
Player Name G A P +/- PIM S H SB GA TA FO MP PP MP PK MP
------------------------------------------------------------------------------------
Andrew Murray 0 0 0 -1 2 2 2 1 0 0 2/5 14:10 2:58 0:00
Brett Sterling 0 0 0 0 0 0 0 0 0 0 0/1 10:28 0:05 1:08
Darren Helm 1 0 1 1 0 2 0 0 0 1 5/12 12:49 0:05 0:35
Gilbert Brule 0 2 2 -1 4 2 1 2 0 0 13/25 16:55 3:45 0:00
Jason King 0 1 1 1 0 2 0 0 0 0 0/1 12:38 0:05 0:35
Josh Hennessy 0 0 0 0 0 2 0 1 0 0 0/3 10:31 0:00 1:08
Karl Alzner 0 0 0 0 0 1 0 2 0 0 0/0 12:25 0:00 0:00
Logan Stephenson 0 0 0 0 0 2 0 2 0 0 0/0 14:05 0:00 0:00
Milan Jurcina 0 0 0 0 4 0 0 0 1 0 0/0 21:30 2:28 2:51
Niklas Hagman 0 1 1 -1 0 1 0 0 1 1 3/11 22:04 3:45 2:56
Nikolai Kulemin 0 0 0 -1 0 1 3 0 1 0 1/2 16:58 0:00 1:53
Paul Ranger 0 0 0 -1 0 2 2 2 2 2 0/0 29:45 4:19 3:41
Richard Park 1 0 1 -1 0 5 6 0 0 1 1/1 22:03 3:45 2:56
Ryan Parent 0 0 0 -1 0 1 1 2 0 2 0/0 29:45 4:19 3:41
Stanislav Chistov 1 0 1 -1 0 1 0 0 1 0 0/0 15:44 2:58 0:00
Travis Moen 0 0 0 0 0 0 0 0 0 0 0/0 8:20 0:00 0:00
Ville Nieminen 0 0 0 1 0 0 3 0 1 1 0/0 17:00 2:58 1:53
Vladimir Mihalik 0 0 0 0 0 1 1 0 0 2 0/0 22:50 2:29 2:51
Players Stats for Little Stars
Player Name G A P +/- PIM S H SB GA TA FO MP PP MP PK MP
------------------------------------------------------------------------------------
Boris Valabik 0 1 1 1 0 3 2 1 1 1 0/0 29:11 3:25 4:31
Brad Isbister 0 0 0 0 0 3 2 0 1 0 3/3 14:02 0:36 2:42
Clay Wilson 0 0 0 1 0 3 1 1 2 0 0/0 29:11 3:25 4:31
Cody Bass 1 0 1 1 4 2 4 0 0 0 6/12 12:39 0:35 2:08
Greg Stewart 0 2 2 2 0 4 1 2 1 0 3/3 23:59 3:01 3:08
Hugh Jessiman 0 0 0 -2 0 0 3 2 0 1 2/3 14:24 2:55 0:00
Jack Skille 0 0 0 2 0 1 2 0 0 0 1/2 16:42 3:01 0:00
Jordan Bendfeld 0 0 0 0 0 0 4 1 0 0 0/0 14:14 0:00 0:45
Krys Kolanos 0 0 0 -2 2 2 1 1 0 0 9/18 19:42 2:55 2:41
Matt D'Agostini 0 0 0 0 0 0 1 1 0 0 0/0 8:22 0:01 0:00
Matt Halischuk 0 1 1 1 0 1 0 0 0 0 0/0 8:48 0:00 0:00
Matt Pelech 0 0 0 0 4 1 1 2 0 1 0/0 21:45 3:07 1:32
Oskar Osala 0 0 0 1 0 4 2 1 0 0 0/0 12:03 0:36 0:00
Patrick O'Sullivan 2 0 2 2 0 5 2 0 1 0 10/17 21:53 3:01 1:00
Paul Postma 0 0 0 0 2 1 0 1 0 0 0/0 13:26 0:00 0:00
Steve Regier 0 0 0 -2 0 2 2 0 4 0 0/0 18:48 2:55 1:57
Tyler Eckford 0 1 1 0 0 2 0 1 0 4 0/0 22:32 3:07 2:17
Tyler Haskins 0 0 0 0 0 1 0 0 0 0 2/3 8:02 0:00 0:00
3 Stars
1 - Patrick O'Sullivan (Tex)
2 - Greg Stewart (Tex)
3 - Richard Park (Roc)
Power Play
Icehogs - 1 on 5 Attempt(s) - 20,00%
Little Stars - 0 on 4 Attempt(s) - 0,00%
Penalty Kill
Icehogs - 4 on 4 Attempt(s) - 100,00%
- Score 0 goal in Penalty Kill
Little Stars - 4 on 5 Attempt(s) - 80,00%
- Score 0 goal in Penalty Kill
Official
Referees : Ciamaga Chris and O'Rourke Dan
Linesman : Scott Driscoll and Jay Sharrers
Game Notes
No Game Note
Icehogs
5 vs 5 Forward
Center Left Wing Right Wing Time % Phy DF OF
1 Gilbert Brule Nikolai Kulemin Stanislav Chistov 40 1 2 2
2 Andrew Murray Niklas Hagman Richard Park 30 1 2 2
3 Darren Helm Ville Nieminen Jason King 20 1 2 2
4 Josh Hennessy Travis Moen Brett Sterling 10 1 2 2
5 vs 5 Defense
Defense Defense Time % Phy DF OF
1 Paul Ranger Ryan Parent 40 1 2 2
2 Vladimir Mihalik Milan Jurcina 30 1 2 2
3 Logan Stephenson Karl Alzner 20 1 2 2
4 Paul Ranger Ryan Parent 10 1 2 2
PowerPlay Forward
Center Left Wing Right Wing Time % Phy DF OF
1 Gilbert Brule Niklas Hagman Richard Park 60 1 2 2
2 Andrew Murray Ville Nieminen Stanislav Chistov 40 1 2 2
PowerPlay Defense
Defense Defense Time % Phy DF OF
1 Paul Ranger Ryan Parent 60 1 2 2
2 Vladimir Mihalik Milan Jurcina 40 1 2 2
Penalty Kill 4 Players Forward
Center Wing Time % Phy DF OF
1 Niklas Hagman Richard Park 60 1 2 2
2 Ville Nieminen Nikolai Kulemin 40 1 2 2
Penalty Kill 4 Players Defense
Defense Defense Time % Phy DF OF
1 Paul Ranger Ryan Parent 60 1 2 2
2 Vladimir Mihalik Milan Jurcina 40 1 2 2
Penalty Kill - 3 Players Forward
Forward Time % Phy DF OF
1 Niklas Hagman 60 1 2 2
2 Richard Park 40 1 2 2
Penalty Kill - 3 Players Defense
Defense Defense Time % Phy DF OF
1 Paul Ranger Ryan Parent 60 1 2 2
2 Vladimir Mihalik Milan Jurcina 40 1 2 2
4 vs 4 Forward
Center Wing Time % Phy DF OF
1 Niklas Hagman Richard Park 60 1 2 2
2 Ville Nieminen Nikolai Kulemin 40 1 2 2
4 vs 4 Defense
Defense Defense Time % Phy DF OF
1 Paul Ranger Ryan Parent 60 1 2 2
2 Vladimir Mihalik Milan Jurcina 40 1 2 2
Last Minutes Offensive
Center Left Wing Right Wing Defense Defense
Gilbert Brule Niklas Hagman Richard Park Paul Ranger Ryan Parent
Last Minutes Defensive
Center Left Wing Right Wing Defense Defense
Gilbert Brule Niklas Hagman Richard Park Paul Ranger Ryan Parent
Goaltenders
Starting : José Theodore
Backup : Jeff Deslauriers
Extra Forwards
Normal : Jason King, Darren Helm, Josh Hennessy - PP : Jason King, Darren Helm - PK : Josh Hennessy
Extra Defensemen
Normal : Logan Stephenson, Karl Alzner, Vladimir Mihalik - PP : Logan Stephenson - PK : Karl Alzner, Vladimir Mihalik
Penalty Shots
Niklas Hagman, Richard Park, Ville Nieminen, Nikolai Kulemin, Stanislav Chistov
Little Stars
5 vs 5 Forward
Center Left Wing Right Wing Time % Phy DF OF
1 Patrick O'Sullivan Greg Stewart Jack Skille 40 1 2 2
2 Krys Kolanos Steve Regier Hugh Jessiman 30 1 2 2
3 Cody Bass Oskar Osala Matt Halischuk 20 1 2 2
4 Tyler Haskins Brad Isbister Matt D'Agostini 10 1 2 2
5 vs 5 Defense
Defense Defense Time % Phy DF OF
1 Boris Valabik Clay Wilson 40 1 2 2
2 Matt Pelech Tyler Eckford 30 1 2 2
3 Jordan Bendfeld Paul Postma 20 1 2 2
4 Boris Valabik Clay Wilson 10 1 2 2
PowerPlay Forward
Center Left Wing Right Wing Time % Phy DF OF
1 Patrick O'Sullivan Greg Stewart Jack Skille 60 1 2 2
2 Krys Kolanos Steve Regier Hugh Jessiman 40 1 2 2
PowerPlay Defense
Defense Defense Time % Phy DF OF
1 Boris Valabik Clay Wilson 60 1 2 2
2 Matt Pelech Tyler Eckford 40 1 2 2
Penalty Kill 4 Players Forward
Center Wing Time % Phy DF OF
1 Krys Kolanos Greg Stewart 60 1 2 2
2 Cody Bass Steve Regier 40 1 2 2
Penalty Kill 4 Players Defense
Defense Defense Time % Phy DF OF
1 Boris Valabik Clay Wilson 60 1 2 2
2 Matt Pelech Tyler Eckford 40 1 2 2
Penalty Kill - 3 Players Forward
Forward Time % Phy DF OF
1 Greg Stewart 60 1 2 2
2 Steve Regier 40 1 2 2
Penalty Kill - 3 Players Defense
Defense Defense Time % Phy DF OF
1 Boris Valabik Clay Wilson 60 1 2 2
2 Matt Pelech Tyler Eckford 40 1 2 2
4 vs 4 Forward
Center Wing Time % Phy DF OF
1 Patrick O'Sullivan Greg Stewart 60 1 2 2
2 Krys Kolanos Steve Regier 40 1 2 2
4 vs 4 Defense
Defense Defense Time % Phy DF OF
1 Boris Valabik Clay Wilson 60 1 2 2
2 Matt Pelech Tyler Eckford 40 1 2 2
Last Minutes Offensive
Center Left Wing Right Wing Defense Defense
Patrick O'Sullivan Steve Regier Jack Skille Boris Valabik Clay Wilson
Last Minutes Defensive
Center Left Wing Right Wing Defense Defense
Krys Kolanos Greg Stewart Hugh Jessiman Boris Valabik Clay Wilson
Goaltenders
Starting : Philippe Sauvé
Backup : Alex Auld
Extra Forwards
Normal : Brad Isbister, Oskar Osala, Cody Bass - PP : Brad Isbister, Oskar Osala - PK : Brad Isbister
Extra Defensemen
Normal : Boris Valabik, Jordan Bendfeld, Tyler Eckford - PP : Boris Valabik - PK : Boris Valabik, Jordan Bendfeld
Penalty Shots
Patrick O'Sullivan, Steve Regier, Krys Kolanos, Cody Bass, Greg Stewart
% Time on Ice - Icehogs
Lines # - Real PCT - Wanted PCT - Time Play
Normal Forward
1 - 32% - 40% - 13:53
2 - 26% - 30% - 11:14
3 - 23% - 20% - 9:50
4 - 19% - 10% - 8:20
Normal Defense
1 - 41% - 40% - 17:33
2 - 33% - 30% - 14:15
3 - 26% - 20% - 11:14
4 - 1% - 10% - 0:15
PP Forward
1 - 56% - 60% - 3:50
2 - 44% - 40% - 2:58
PP Defense
1 - 63% - 60% - 4:19
2 - 37% - 40% - 2:29
PK Forward
1 - 71% - 60% - 4:39
2 - 29% - 40% - 1:53
PK Defense
1 - 56% - 60% - 3:41
2 - 44% - 40% - 2:51
PK3 Forward
1 - 0% - 60%
2 - 0% - 40%
PK3 Defense
1 - 0% - 60%
2 - 0% - 40%
44 Forward
1 - 74% - 60% - 6:11
2 - 26% - 40% - 2:12
44 Defense
1 - 55% - 60% - 4:35
2 - 45% - 40% - 3:48
Last Minute Offensive - 0:00
Last Minute Defensive - 0:00
Total
Forward - 65:00
Defense - 65:00
|
% Time on Ice - Little Stars
Lines # - Real PCT - Wanted PCT - Time Play
Normal Forward
1 - 35% - 40% - 14:58
2 - 27% - 30% - 11:29
3 - 20% - 20% - 8:48
4 - 19% - 10% - 8:02
Normal Defense
1 - 39% - 40% - 16:58
2 - 32% - 30% - 13:44
3 - 29% - 20% - 12:35
4 - 0% - 10% - 0:00
PP Forward
1 - 55% - 60% - 3:37
2 - 45% - 40% - 2:55
PP Defense
1 - 52% - 60% - 3:25
2 - 48% - 40% - 3:07
PK Forward
1 - 84% - 60% - 5:43
2 - 16% - 40% - 1:05
PK Defense
1 - 66% - 60% - 4:31
2 - 34% - 40% - 2:17
PK3 Forward
1 - 0% - 60%
2 - 0% - 40%
PK3 Defense
1 - 0% - 60%
2 - 0% - 40%
44 Forward
1 - 73% - 60% - 6:08
2 - 27% - 40% - 2:15
44 Defense
1 - 59% - 60% - 4:59
2 - 41% - 40% - 3:24
Last Minute Offensive - 0:00
Last Minute Defensive - 0:00
Total
Forward - 65:00
Defense - 65:00
|
Play by Play
1st period
0:01 of 1st period - Gilbert Brule wins face-off versus Patrick O'Sullivan in neutral zone.
0:36 of 1st period - Wrist shot by Steve Regier.
0:36 of 1st period - Shot Blocked by Andrew Murray.
0:38 of 1st period - Slapshot by Clay Wilson.
0:38 of 1st period - Stopped by José Theodore without a rebound.
0:39 of 1st period - Darren Helm wins face-off versus Cody Bass in Icehogs zone.
0:39 of 1st period - Darren Helm is hit by Cody Bass.
1:55 of 1st period - Slapshot by Richard Park.
1:55 of 1st period - Stopped by Philippe Sauvé with a rebound.
1:57 of 1st period - Snap shot by Richard Park.
1:57 of 1st period - Stopped by Philippe Sauvé without a rebound.
1:58 of 1st period - Darren Helm wins face-off versus Cody Bass in Little Stars zone.
2:00 of 1st period - Minor Penalty to Cody Bass for Holding.
2:01 of 1st period - Gilbert Brule wins face-off versus Krys Kolanos in Little Stars zone.
2:34 of 1st period - Off-side.
2:35 of 1st period - Krys Kolanos wins face-off versus Gilbert Brule in neutral zone.
2:35 of 1st period - Minor Penalty to Milan Jurcina for Tripping.
2:36 of 1st period - Niklas Hagman wins face-off versus Patrick O'Sullivan in Icehogs zone.
3:01 of 1st period - Ville Nieminen is hit by Steve Regier and loses puck.
4:00 of 1st period - Penalty to Cody Bass is over, Cody Bass is back on ice.
4:12 of 1st period - Paul Ranger is hit by Brad Isbister and loses puck.
4:27 of 1st period - Wrist shot by Brad Isbister.
4:27 of 1st period - Shot Misses the Net.
4:35 of 1st period - Penalty to Milan Jurcina is over, Milan Jurcina is back on ice.
4:47 of 1st period - Wrist shot by Oskar Osala.
4:47 of 1st period - Stopped by José Theodore with a rebound.
4:49 of 1st period - Wrist shot by Oskar Osala.
4:49 of 1st period - Stopped by José Theodore without a rebound.
4:50 of 1st period - Gilbert Brule wins face-off versus Hugh Jessiman in Icehogs zone.
5:26 of 1st period - Snap shot by Patrick O'Sullivan.
5:26 of 1st period - Shot Misses the Net.
5:38 of 1st period - Wrist shot by Brad Isbister.
5:38 of 1st period - Stopped by José Theodore without a rebound.
5:39 of 1st period - Tyler Haskins wins face-off versus Josh Hennessy in Icehogs zone.
5:57 of 1st period - Icing by Vladimir Mihalik.
5:58 of 1st period - Krys Kolanos wins face-off versus Gilbert Brule in Icehogs zone.
7:49 of 1st period - Richard Park is hit by Jordan Bendfeld and loses puck.
7:56 of 1st period - Wrist shot by Tyler Haskins.
7:56 of 1st period - Stopped by José Theodore without a rebound.
7:57 of 1st period - Gilbert Brule wins face-off versus Jack Skille in Icehogs zone.
7:57 of 1st period - Gilbert Brule is hit by Greg Stewart.
8:05 of 1st period - Greg Stewart is hit by Nikolai Kulemin and loses puck.
8:10 of 1st period - Snap shot by Gilbert Brule.
8:10 of 1st period - Stopped by Philippe Sauvé without a rebound.
8:11 of 1st period - Darren Helm wins face-off versus Krys Kolanos in Little Stars zone.
8:42 of 1st period - Minor Penalty to Gilbert Brule for High sticking.
8:43 of 1st period - Greg Stewart wins face-off versus Niklas Hagman in Icehogs zone.
9:08 of 1st period - Paul Ranger is hit by Clay Wilson and loses puck.
10:07 of 1st period - Paul Ranger is hit by Jack Skille and loses puck.
10:42 of 1st period - Penalty to Gilbert Brule is over, Gilbert Brule is back on ice.
11:55 of 1st period - Slapshot by Darren Helm.
11:55 of 1st period - Shot Blocked by Matt D'Agostini.
12:05 of 1st period - Jordan Bendfeld is hit by Andrew Murray and loses puck.
12:45 of 1st period - Wrist shot by Niklas Hagman.
12:45 of 1st period - Shot Misses the Net.
12:47 of 1st period - Wrist shot by Niklas Hagman.
12:47 of 1st period - Shot Blocked by Tyler Eckford.
13:16 of 1st period - Brad Isbister is hit by Nikolai Kulemin and loses puck.
13:36 of 1st period - Logan Stephenson is hit by Boris Valabik and loses puck.
13:50 of 1st period - Slapshot by Logan Stephenson.
13:50 of 1st period - Shot Blocked by Hugh Jessiman.
13:52 of 1st period - Snap shot by Logan Stephenson.
13:52 of 1st period - Deflect By Krys Kolanos.
13:52 of 1st period - Stopped by Philippe Sauvé with a rebound.
13:54 of 1st period - Wrist shot by Brett Sterling.
13:54 of 1st period - Shot Misses the Net.
13:58 of 1st period - Wrist shot by Travis Moen.
13:58 of 1st period - Shot Hit the Post.
14:33 of 1st period - Paul Ranger is hit by Oskar Osala and loses puck.
14:50 of 1st period - Snap shot by Brad Isbister.
14:50 of 1st period - Stopped by José Theodore without a rebound.
14:51 of 1st period - Brad Isbister wins face-off versus Andrew Murray in Icehogs zone.
15:18 of 1st period - Vladimir Mihalik is hit by Jack Skille and loses puck.
15:37 of 1st period - Wrist shot by Ville Nieminen.
15:37 of 1st period - Shot Misses the Net.
15:39 of 1st period - Slapshot by Vladimir Mihalik.
15:39 of 1st period - Shot Misses the Net.
15:41 of 1st period - Snap shot by Jason King.
15:41 of 1st period - Shot Misses the Net.
15:43 of 1st period - Snap shot by Ville Nieminen.
15:43 of 1st period - Deflect By Darren Helm.
15:43 of 1st period - Stopped by Philippe Sauvé without a rebound.
15:44 of 1st period - Gilbert Brule wins face-off versus Patrick O'Sullivan in Little Stars zone.
16:09 of 1st period - Paul Ranger is hit by Hugh Jessiman and loses puck.
16:14 of 1st period - Snap shot by Krys Kolanos.
16:14 of 1st period - Stopped by José Theodore without a rebound.
16:15 of 1st period - Krys Kolanos wins face-off versus Niklas Hagman in Icehogs zone.
16:30 of 1st period - Hugh Jessiman is hit by Richard Park and loses puck.
16:54 of 1st period - Off-side.
16:55 of 1st period - Gilbert Brule wins face-off versus Cody Bass in neutral zone.
16:59 of 1st period - Minor Penalty to Matt Pelech for Slashing.
17:00 of 1st period - Krys Kolanos wins face-off versus Gilbert Brule in Little Stars zone.
17:15 of 1st period - Snap shot by Richard Park.
17:15 of 1st period - Shot Blocked by Boris Valabik.
18:11 of 1st period - Ryan Parent is hit by Cody Bass and loses puck.
18:16 of 1st period - Wrist shot by Steve Regier.
18:16 of 1st period - Stopped by José Theodore without a rebound.
18:17 of 1st period - Gilbert Brule wins face-off versus Cody Bass in Icehogs zone.
18:59 of 1st period - Penalty to Matt Pelech is over, Matt Pelech is back on ice.
19:08 of 1st period - Snap shot by Josh Hennessy.
19:08 of 1st period - Stopped by Philippe Sauvé with a rebound.
19:10 of 1st period - Snap shot by Karl Alzner.
19:10 of 1st period - Stopped by Philippe Sauvé without a rebound.
19:11 of 1st period - Darren Helm wins face-off versus Cody Bass in Little Stars zone.
19:20 of 1st period - Slapshot by Jason King.
19:20 of 1st period - Stopped by Philippe Sauvé with a rebound.
19:22 of 1st period - Snap shot by Ville Nieminen.
19:22 of 1st period - Shot Misses the Net.
19:24 of 1st period - Slapshot by Karl Alzner.
19:24 of 1st period - Shot Misses the Net.
19:26 of 1st period - Snap shot by Logan Stephenson.
19:26 of 1st period - Stopped by Philippe Sauvé with a rebound.
19:54 of 1st period - Andrew Murray is hit by Matt Pelech and loses puck.
2nd period
0:01 of 2nd period - Jack Skille wins face-off versus Gilbert Brule in neutral zone.
0:04 of 2nd period - Slapshot by Clay Wilson.
0:04 of 2nd period - Shot Misses the Net.
1:21 of 2nd period - Slapshot by Greg Stewart.
1:21 of 2nd period - Shot Blocked by Josh Hennessy.
1:23 of 2nd period - Slapshot by Tyler Eckford.
1:23 of 2nd period - Shot Misses the Net.
1:25 of 2nd period - Snap shot by Patrick O'Sullivan.
1:25 of 2nd period - Stopped by José Theodore with a rebound.
1:27 of 2nd period - Snap shot by Tyler Eckford.
1:27 of 2nd period - Stopped by José Theodore without a rebound.
1:28 of 2nd period - Gilbert Brule wins face-off versus Krys Kolanos in Icehogs zone.
1:53 of 2nd period - Clay Wilson is hit by Ville Nieminen and loses puck.
1:55 of 2nd period - Minor Penalty to Paul Postma for High sticking.
1:56 of 2nd period - Gilbert Brule wins face-off versus Krys Kolanos in Little Stars zone.
3:55 of 2nd period - Penalty to Paul Postma is over, Paul Postma is back on ice.
3:59 of 2nd period - Wrist shot by Krys Kolanos.
3:59 of 2nd period - Stopped by José Theodore with a rebound.
5:16 of 2nd period - Clay Wilson is hit by Richard Park and loses puck.
5:44 of 2nd period - Stanislav Chistov is hit by Jordan Bendfeld and loses puck.
6:09 of 2nd period - Karl Alzner is hit by Patrick O'Sullivan and loses puck.
6:20 of 2nd period - Ville Nieminen is hit by Steve Regier and loses puck.
6:46 of 2nd period - Off-side.
6:47 of 2nd period - Gilbert Brule wins face-off versus Tyler Haskins in neutral zone.
7:32 of 2nd period - Krys Kolanos is hit by Paul Ranger and loses puck.
7:49 of 2nd period - Gilbert Brule is hit by Cody Bass and loses puck.
8:07 of 2nd period - Ville Nieminen is hit by Matt D'Agostini.
8:11 of 2nd period - Boris Valabik is hit by Ville Nieminen and loses puck.
8:36 of 2nd period - Slapshot by Niklas Hagman.
8:36 of 2nd period - Stopped by Philippe Sauvé without a rebound.
8:37 of 2nd period - Krys Kolanos wins face-off versus Gilbert Brule in Little Stars zone.
8:37 of 2nd period - Krys Kolanos is hit by Nikolai Kulemin.
9:38 of 2nd period - Wrist shot by Travis Moen.
9:38 of 2nd period - Shot Blocked by Matt Pelech.
9:48 of 2nd period - Snap shot by Darren Helm.
9:48 of 2nd period - Goal by Darren Helm - Icehogs : 1 - Little Stars : 0.
9:49 of 2nd period - Patrick O'Sullivan wins face-off versus Gilbert Brule in neutral zone.
10:00 of 2nd period - Wrist shot by Greg Stewart.
10:00 of 2nd period - Stopped by José Theodore with a rebound.
10:01 of 2nd period - Minor Penalty to Gilbert Brule for Tripping.
10:02 of 2nd period - Niklas Hagman wins face-off versus Patrick O'Sullivan in Icehogs zone.
10:17 of 2nd period - Snap shot by Greg Stewart.
10:17 of 2nd period - Stopped by José Theodore with a rebound.
10:27 of 2nd period - Ryan Parent is hit by Hugh Jessiman.
11:23 of 2nd period - Patrick O'Sullivan is hit by Richard Park and loses puck.
12:01 of 2nd period - Penalty to Gilbert Brule is over, Gilbert Brule is back on ice.
12:03 of 2nd period - Vladimir Mihalik is hit by Brad Isbister and loses puck.
12:12 of 2nd period - Wrist shot by Brad Isbister.
12:12 of 2nd period - Stopped by José Theodore with a rebound.
13:34 of 2nd period - Snap shot by Niklas Hagman.
13:34 of 2nd period - Shot Blocked by Krys Kolanos.
14:39 of 2nd period - Snap shot by Gilbert Brule.
14:39 of 2nd period - Deflect By Stanislav Chistov.
14:39 of 2nd period - Shot Hit the Post.
14:39 of 2nd period - Puck is out of play.
14:40 of 2nd period - Krys Kolanos wins face-off versus Darren Helm in Little Stars zone.
15:16 of 2nd period - Wrist shot by Nikolai Kulemin.
15:16 of 2nd period - Stopped by Philippe Sauvé without a rebound.
15:17 of 2nd period - Andrew Murray wins face-off versus Krys Kolanos in Little Stars zone.
16:07 of 2nd period - Stanislav Chistov is hit by Patrick O'Sullivan and loses puck.
16:36 of 2nd period - Snap shot by Brad Isbister.
16:36 of 2nd period - Shot Misses the Net.
16:38 of 2nd period - Slapshot by Boris Valabik.
16:38 of 2nd period - Shot Blocked by Karl Alzner.
16:50 of 2nd period - Snap shot by Matt Halischuk.
16:50 of 2nd period - Deflect By Cody Bass.
16:50 of 2nd period - Goal by Cody Bass - Icehogs : 1 - Little Stars : 1.
16:51 of 2nd period - Patrick O'Sullivan wins face-off versus Andrew Murray in neutral zone.
16:51 of 2nd period - Boris Valabik is hit by Richard Park and loses puck.
16:55 of 2nd period - Boris Valabik is hit by Ryan Parent and loses puck.
16:58 of 2nd period - Slapshot by Clay Wilson.
16:58 of 2nd period - Stopped by José Theodore without a rebound.
16:59 of 2nd period - Andrew Murray wins face-off versus Patrick O'Sullivan in Icehogs zone.
17:27 of 2nd period - Snap shot by Greg Stewart.
17:27 of 2nd period - Deflect By Patrick O'Sullivan.
17:27 of 2nd period - Stopped by José Theodore with a rebound.
17:29 of 2nd period - Slapshot by Boris Valabik.
17:29 of 2nd period - Stopped by José Theodore with a rebound.
17:40 of 2nd period - Minor Penalty to Andrew Murray for Tripping.
17:41 of 2nd period - Hugh Jessiman wins face-off versus Niklas Hagman in Icehogs zone.
18:35 of 2nd period - Slapshot by Paul Ranger.
18:35 of 2nd period - Deflect By Clay Wilson.
18:35 of 2nd period - Stopped by Philippe Sauvé with a rebound.
18:37 of 2nd period - Slapshot by Paul Ranger.
18:37 of 2nd period - Stopped by Philippe Sauvé without a rebound.
18:38 of 2nd period - Hugh Jessiman wins face-off versus Brett Sterling in Little Stars zone.
19:40 of 2nd period - Penalty to Andrew Murray is over, Andrew Murray is back on ice.
19:56 of 2nd period - Minor Penalty to Cody Bass for Hooking.
19:56 of 2nd period - Minor Penalty to Milan Jurcina for Hooking.
19:57 of 2nd period - Patrick O'Sullivan wins face-off versus Niklas Hagman in neutral zone.
3rd period
0:01 of 3rd period - Patrick O'Sullivan wins face-off versus Niklas Hagman in neutral zone.
1:07 of 3rd period - Icing by Paul Ranger.
1:08 of 3rd period - Brad Isbister wins face-off versus Jason King in Icehogs zone.
1:17 of 3rd period - Brad Isbister is hit by Paul Ranger.
1:38 of 3rd period - Patrick O'Sullivan is hit by Vladimir Mihalik and loses puck.
1:56 of 3rd period - Penalty to Cody Bass is over, Cody Bass is back on ice.
1:56 of 3rd period - Penalty to Milan Jurcina is over, Milan Jurcina is back on ice.
2:02 of 3rd period - Off-side.
2:03 of 3rd period - Krys Kolanos wins face-off versus Gilbert Brule in neutral zone.
2:14 of 3rd period - Wrist shot by Steve Regier.
2:14 of 3rd period - Shot Misses the Net.
2:16 of 3rd period - Snap shot by Jordan Bendfeld.
2:16 of 3rd period - Shot Blocked by Ryan Parent.
2:18 of 3rd period - Wrist shot by Hugh Jessiman.
2:18 of 3rd period - Shot Misses the Net.
2:30 of 3rd period - Paul Ranger is hit by Cody Bass.
4:24 of 3rd period - Snap shot by Niklas Hagman.
4:24 of 3rd period - Shot Blocked by Jordan Bendfeld.
4:26 of 3rd period - Snap shot by Richard Park.
4:26 of 3rd period - Shot Misses the Net.
4:28 of 3rd period - Snap shot by Andrew Murray.
4:28 of 3rd period - Stopped by Philippe Sauvé with a rebound.
4:30 of 3rd period - Snap shot by Richard Park.
4:30 of 3rd period - Shot Blocked by Hugh Jessiman.
4:50 of 3rd period - Wrist shot by Gilbert Brule.
4:50 of 3rd period - Shot Blocked by Greg Stewart.
5:07 of 3rd period - Clay Wilson is hit by Ville Nieminen and loses puck.
5:38 of 3rd period - Clay Wilson is hit by Andrew Murray and loses puck.
6:01 of 3rd period - Wrist shot by Clay Wilson.
6:01 of 3rd period - Shot Blocked by Gilbert Brule.
6:03 of 3rd period - Slapshot by Boris Valabik.
6:03 of 3rd period - Shot Blocked by Gilbert Brule.
6:19 of 3rd period - Snap shot by Brad Isbister.
6:19 of 3rd period - Shot Misses the Net.
6:21 of 3rd period - Snap shot by Clay Wilson.
6:21 of 3rd period - Stopped by José Theodore without a rebound.
6:22 of 3rd period - Patrick O'Sullivan wins face-off versus Andrew Murray in Icehogs zone.
6:33 of 3rd period - Snap shot by Patrick O'Sullivan.
6:33 of 3rd period - Shot Blocked by Paul Ranger.
6:35 of 3rd period - Wrist shot by Matt Pelech.
6:35 of 3rd period - Stopped by José Theodore without a rebound.
6:36 of 3rd period - Richard Park wins face-off versus Krys Kolanos in Icehogs zone.
6:49 of 3rd period - Slapshot by Steve Regier.
6:49 of 3rd period - Stopped by José Theodore with a rebound.
6:51 of 3rd period - Slapshot by Tyler Eckford.
6:51 of 3rd period - Shot Misses the Net.
7:09 of 3rd period - Ryan Parent is hit by Jordan Bendfeld and loses puck.
7:24 of 3rd period - Snap shot by Travis Moen.
7:24 of 3rd period - Shot Blocked by Paul Postma.
7:46 of 3rd period - Snap shot by Greg Stewart.
7:46 of 3rd period - Shot Misses the Net.
7:48 of 3rd period - Snap shot by Patrick O'Sullivan.
7:48 of 3rd period - Shot Misses the Net.
7:50 of 3rd period - Slapshot by Paul Postma.
7:50 of 3rd period - Shot Blocked by Logan Stephenson.
7:52 of 3rd period - Snap shot by Greg Stewart.
7:52 of 3rd period - Shot Blocked by Logan Stephenson.
7:54 of 3rd period - Backhand shot by Paul Postma.
7:54 of 3rd period - Shot Blocked by Karl Alzner.
7:56 of 3rd period - Wrist shot by Jack Skille.
7:56 of 3rd period - Shot Misses the Net.
7:58 of 3rd period - Slapshot by Paul Postma.
7:58 of 3rd period - Stopped by José Theodore with a rebound.
8:20 of 3rd period - Snap shot by Patrick O'Sullivan.
8:20 of 3rd period - Shot Misses the Net.
8:22 of 3rd period - Wrist shot by Patrick O'Sullivan.
8:22 of 3rd period - Deflect By Josh Hennessy.
8:22 of 3rd period - Stopped by José Theodore without a rebound.
8:23 of 3rd period - Gilbert Brule wins face-off versus Krys Kolanos in Icehogs zone.
8:30 of 3rd period - Snap shot by Stanislav Chistov.
8:30 of 3rd period - Goal by Stanislav Chistov - Icehogs : 2 - Little Stars : 1.
8:31 of 3rd period - Nikolai Kulemin wins face-off versus Krys Kolanos in neutral zone.
8:35 of 3rd period - Minor Penalty to Krys Kolanos for Hooking.
8:36 of 3rd period - Brad Isbister wins face-off versus Gilbert Brule in Little Stars zone.
8:36 of 3rd period - Brad Isbister is hit by Richard Park.
8:51 of 3rd period - Wrist shot by Gilbert Brule.
8:51 of 3rd period - Deflect By Clay Wilson.
8:51 of 3rd period - Stopped by Philippe Sauvé with a rebound.
9:07 of 3rd period - Snap shot by Stanislav Chistov.
9:07 of 3rd period - Shot Misses the Net.
10:27 of 3rd period - Boris Valabik is hit by Richard Park and loses puck.
10:35 of 3rd period - Penalty to Krys Kolanos is over, Krys Kolanos is back on ice.
10:42 of 3rd period - Wrist shot by Brett Sterling.
10:42 of 3rd period - Shot Misses the Net.
10:44 of 3rd period - Wrist shot by Josh Hennessy.
10:44 of 3rd period - Stopped by Philippe Sauvé without a rebound.
10:45 of 3rd period - Krys Kolanos wins face-off versus Josh Hennessy in Little Stars zone.
11:25 of 3rd period - Icing by Jordan Bendfeld.
11:26 of 3rd period - Cody Bass wins face-off versus Nikolai Kulemin in Little Stars zone.
11:26 of 3rd period - Cody Bass is hit by Gilbert Brule.
11:32 of 3rd period - Snap shot by Oskar Osala.
11:32 of 3rd period - Deflect By Matt Halischuk.
11:32 of 3rd period - Stopped by José Theodore without a rebound.
11:33 of 3rd period - Patrick O'Sullivan wins face-off versus Gilbert Brule in Icehogs zone.
11:34 of 3rd period - Wrist shot by Greg Stewart.
11:34 of 3rd period - Shot Misses the Net.
11:36 of 3rd period - Slapshot by Patrick O'Sullivan.
11:36 of 3rd period - Goal by Patrick O'Sullivan - Icehogs : 2 - Little Stars : 2.
11:37 of 3rd period - Gilbert Brule wins face-off versus Patrick O'Sullivan in neutral zone.
11:50 of 3rd period - Snap shot by Gilbert Brule.
11:50 of 3rd period - Shot Blocked by Greg Stewart.
12:18 of 3rd period - Niklas Hagman is hit by Hugh Jessiman and loses puck.
12:59 of 3rd period - Wrist shot by Andrew Murray.
12:59 of 3rd period - Stopped by Philippe Sauvé with a rebound.
13:15 of 3rd period - Slapshot by Andrew Murray.
13:15 of 3rd period - Deflect By Richard Park.
13:15 of 3rd period - Shot Blocked by Clay Wilson.
13:15 of 3rd period - Puck is out of play.
13:16 of 3rd period - Patrick O'Sullivan wins face-off versus Gilbert Brule in Little Stars zone.
13:48 of 3rd period - Snap shot by Ville Nieminen.
13:48 of 3rd period - Shot Blocked by Matt Pelech.
13:50 of 3rd period - Slapshot by Vladimir Mihalik.
13:50 of 3rd period - Stopped by Philippe Sauvé with a rebound.
13:52 of 3rd period - Slapshot by Ville Nieminen.
13:52 of 3rd period - Shot Misses the Net.
13:54 of 3rd period - Slapshot by Milan Jurcina.
13:54 of 3rd period - Shot Blocked by Oskar Osala.
13:56 of 3rd period - Wrist shot by Jason King.
13:56 of 3rd period - Shot Misses the Net.
14:05 of 3rd period - Off-side.
14:06 of 3rd period - Tyler Haskins wins face-off versus Josh Hennessy in neutral zone.
14:33 of 3rd period - Logan Stephenson is hit by Jordan Bendfeld and loses puck.
14:38 of 3rd period - Slapshot by Oskar Osala.
14:38 of 3rd period - Stopped by José Theodore with a rebound.
14:40 of 3rd period - Slapshot by Clay Wilson.
14:40 of 3rd period - Shot Misses the Net.
14:42 of 3rd period - Slapshot by Tyler Eckford.
14:42 of 3rd period - Stopped by José Theodore without a rebound.
14:43 of 3rd period - Patrick O'Sullivan wins face-off versus Gilbert Brule in Icehogs zone.
14:44 of 3rd period - Slapshot by Greg Stewart.
14:44 of 3rd period - Stopped by José Theodore without a rebound.
14:45 of 3rd period - Patrick O'Sullivan wins face-off versus Gilbert Brule in Icehogs zone.
15:42 of 3rd period - Wrist shot by Richard Park.
15:42 of 3rd period - Stopped by Philippe Sauvé with a rebound.
16:04 of 3rd period - Snap shot by Jack Skille.
16:04 of 3rd period - Stopped by José Theodore with a rebound.
16:40 of 3rd period - Off-side.
16:41 of 3rd period - Cody Bass wins face-off versus Darren Helm in neutral zone.
17:15 of 3rd period - Snap shot by Patrick O'Sullivan.
17:15 of 3rd period - Goal by Patrick O'Sullivan - Icehogs : 2 - Little Stars : 3.
17:16 of 3rd period - Cody Bass wins face-off versus Darren Helm in neutral zone.
17:23 of 3rd period - Wrist shot by Cody Bass.
17:23 of 3rd period - Deflect By Matt Halischuk.
17:23 of 3rd period - Shot Misses the Net.
17:23 of 3rd period - Puck is out of play.
17:24 of 3rd period - Cody Bass wins face-off versus Darren Helm in Icehogs zone.
17:27 of 3rd period - Wrist shot by Oskar Osala.
17:27 of 3rd period - Stopped by José Theodore with a rebound.
17:29 of 3rd period - Snap shot by Cody Bass.
17:29 of 3rd period - Stopped by José Theodore without a rebound.
17:30 of 3rd period - Cody Bass wins face-off versus Darren Helm in Icehogs zone.
18:02 of 3rd period - Wrist shot by Jack Skille.
18:02 of 3rd period - Shot Blocked by Ryan Parent.
18:04 of 3rd period - Slapshot by Jack Skille.
18:04 of 3rd period - Shot Misses the Net.
18:25 of 3rd period - Icing by Tyler Eckford.
18:26 of 3rd period - Krys Kolanos wins face-off versus Darren Helm in Little Stars zone.
18:38 of 3rd period - Minor Penalty to Matt Pelech for Roughing.
18:39 of 3rd period - Gilbert Brule wins face-off versus Krys Kolanos in Little Stars zone.
18:54 of 3rd period - Wrist shot by Richard Park.
18:54 of 3rd period - Goal by Richard Park - Icehogs : 3 - Little Stars : 3.
18:55 of 3rd period - Cody Bass wins face-off versus Darren Helm in neutral zone.
18:58 of 3rd period - Snap shot by Boris Valabik.
18:58 of 3rd period - Stopped by José Theodore without a rebound.
18:59 of 3rd period - Darren Helm wins face-off versus Cody Bass in Icehogs zone.
19:24 of 3rd period - Wrist shot by Steve Regier.
19:24 of 3rd period - Shot Blocked by Paul Ranger.
19:26 of 3rd period - Slapshot by Boris Valabik.
19:26 of 3rd period - Stopped by José Theodore with a rebound.
19:46 of 3rd period - Snap shot by Niklas Hagman.
19:46 of 3rd period - Shot Misses the Net.
Overtime #1
0:01 of 1st overtime period - Greg Stewart wins face-off versus Niklas Hagman in neutral zone.
0:03 of 1st overtime period - Off-side.
0:04 of 1st overtime period - Greg Stewart wins face-off versus Niklas Hagman in neutral zone.
0:11 of 1st overtime period - Snap shot by Greg Stewart.
0:11 of 1st overtime period - Stopped by José Theodore without a rebound.
0:12 of 1st overtime period - Niklas Hagman wins face-off versus Patrick O'Sullivan in Icehogs zone.
0:17 of 1st overtime period - Slapshot by Ryan Parent.
0:17 of 1st overtime period - Stopped by Philippe Sauvé with a rebound.
0:19 of 1st overtime period - Snap shot by Richard Park.
0:19 of 1st overtime period - Stopped by Philippe Sauvé without a rebound.
0:20 of 1st overtime period - Patrick O'Sullivan wins face-off versus Niklas Hagman in Little Stars zone.
1:44 of 1st overtime period - Wrist shot by Jason King.
1:44 of 1st overtime period - Stopped by Philippe Sauvé with a rebound.
1:58 of 1st overtime period - Niklas Hagman is hit by Boris Valabik and loses puck.
2:13 of 1st overtime period - Milan Jurcina is hit by Krys Kolanos.
4:39 of 1st overtime period - Karl Alzner is hit by Oskar Osala and loses puck.
ShootOut
5:00 of 1st overtime period - Penalty Shot by Niklas Hagman for Icehogs.
5:00 of 1st overtime period - Deke by Niklas Hagman.
5:00 of 1st overtime period - Goal by Niklas Hagman.
5:00 of 1st overtime period - Penalty Shot by Patrick O'Sullivan for Little Stars.
5:00 of 1st overtime period - Wrist shot by Patrick O'Sullivan.
5:00 of 1st overtime period - Shot Misses the Net.
5:00 of 1st overtime period - Penalty Shot by Richard Park for Icehogs.
5:00 of 1st overtime period - Deke by Richard Park.
5:00 of 1st overtime period - Stopped by Philippe Sauvé.
5:00 of 1st overtime period - Penalty Shot by Steve Regier for Little Stars.
5:00 of 1st overtime period - Snap shot by Steve Regier.
5:00 of 1st overtime period - Goal by Steve Regier.
5:00 of 1st overtime period - Penalty Shot by Ville Nieminen for Icehogs.
5:00 of 1st overtime period - Snap shot by Ville Nieminen.
5:00 of 1st overtime period - Stopped by Philippe Sauvé.
5:00 of 1st overtime period - Penalty Shot by Krys Kolanos for Little Stars.
5:00 of 1st overtime period - Deke by Krys Kolanos.
5:00 of 1st overtime period - Shot Misses the Net.
5:00 of 1st overtime period - Penalty Shot by Nikolai Kulemin for Icehogs.
5:00 of 1st overtime period - Deke by Nikolai Kulemin.
5:00 of 1st overtime period - Stopped by Philippe Sauvé.
5:00 of 1st overtime period - Penalty Shot by Cody Bass for Little Stars.
5:00 of 1st overtime period - Deke by Cody Bass.
5:00 of 1st overtime period - Goal by Cody Bass.
Output by the SimonT Hockey Simulator (STHS) for François Prévost -- Original Page W3C XHTML 1.0 Valid